Map: Terrassen von Prion

Players

Clonemaster - Winner!

  • Race: Zerg Zerg
  • League: Platinum

Cruel

  • Race: Protoss Protoss
  • League: Diamond

VOD

Have the link to the VOD?

Description

Time

  • Played on: Nov. 18, 2015, 10:24 a.m.
  • Length: 14:10
Show
View Real Time Build Order
Export as new Build Order

Clonemaster Zerg - Winner!

Build Orders: Hatch First 

Get SALT Encoding   

  12  0:01  Drone  
  13  0:10  Drone  
  14  0:21  Drone, Extractor  
  14  0:22  Drone, Extractor  
  16  0:45  Hatchery  
  16  0:49  Overlord  
  15  1:07  Extractor  
  15  1:09  Spawning Pool  
  15  1:10  Drone  
  14  1:13  Drone  
  14  1:15  Drone  
  16  1:20  Drone  
  17  1:35  Drone  
  18  1:45  Drone  
  19  1:57  Baneling Nest, Queen  
  19  1:59  Queen  
  22  2:06  Overlord  
  22  2:12  Drone  
  22  2:13  Drone  
  24  2:17  Zergling x2  
  24  2:21  Drone  
  26  2:25  Drone  
  27  2:30  Metabolic Boost  
  27  2:35  Zergling x2  
  28  2:55  Drone  
  28  2:56  Hatchery  
  28  2:59  Extractor  
  28  3:01  Drone  
  28  3:02  Drone  
  29  3:06  Drone  
  29  3:09  Drone  
  32  3:12  Drone  
  32  3:16  Drone  
  32  3:19  Drone  
  34  3:21  Drone  
  35  3:31  Drone  
  36  3:36  Overlord  
  36  3:37  Overlord  
  36  3:41  Lair  
  37  3:55  Drone  
  37  3:56  Drone x3  
  37  3:57  Drone x3  
  37  3:58  Drone  
  44  4:03  Overlord  
  44  4:10  Queen  
  46  4:18  Drone x2, Extractor  
  46  4:19  Drone x3, Extractor  
  46  4:23  Overlord  
  49  4:26  Zergling x6  
  52  4:34  Overlord  
  52  4:43  Drone x2  
  54  4:46  Pneumatized Carapace  
  54  4:51  Drone x3  
  56  4:58  Spire  
  55  5:01  Overlord  
  55  5:02  Overlord  
  55  5:03  Overseer  
  55  5:08  Zergling x2  
  55  5:09  Overlord, Zergling x2  
  55  5:10  Overlord  
  55  5:13  Zergling x6  
  60  5:20  Drone x2  
  60  5:21  Drone  
  63  5:22  Overlord x2, Extractor  
  63  5:24  Extractor  
  61  5:29  Evolution Chamber  
  61  5:30  Evolution Chamber, Overlord x2  
  61  5:34  Zergling x2  
  61  5:35  Zergling x10  
  54  6:10  Drone x3  
  55  6:14  Drone x3  
  58  6:21  Mutalisk, Zerg Ground Armor Level 1, Zerg Melee Weapons Level 1  
  58  6:22  Mutalisk x5  
  70  6:26  Zergling x2  
  70  6:27  Zergling x4  
  75  6:36  Mutalisk  
  75  6:38  Zergling x4  
  77  6:40  Queen  
  77  6:43  Overlord  
  77  6:46  Mutalisk  
  81  6:48  Drone x2  
  81  6:49  Drone  
  81  6:53  Spine Crawler  
  83  6:54  Spine Crawler x2  
  83  6:55  Spore Crawler  
  83  6:56  Drone x3, Spine Crawler  
  83  6:59  Spore Crawler, Drone  
  82  7:04  Spore Crawler  
  82  7:05  Mutalisk  
  82  7:07  Overseer  
  82  7:09  Mutalisk  
  57  7:30  Spire  
  57  7:31  Drone x3  
  57  7:32  Drone x3  
  57  7:33  Drone x4  
  66  7:39  Zergling x2  
  66  7:40  Zergling x4  
  69  7:47  Drone x2  
  71  7:51  Spine Crawler  
  71  7:54  Drone  
  71  7:58  Drone x2  
  71  8:03  Overlord  
  73  8:07  Drone x2  
  73  8:11  Drone x2  
  65  8:30  Zergling x10  
  65  8:31  Drone x4  
  65  8:32  Drone  
  63  8:42  Mutalisk x2  
  63  8:45  Drone x2  
  69  8:50  Drone  
  69  8:53  Spine Crawler  
  69  8:57  Zergling x4  
  71  9:08  Mutalisk x3  
  71  9:09  Drone  
  76  9:13  Overseer  
  76  9:14  Drone x2  
  78  9:21  Drone  
  78  9:22  Drone x2  
  81  9:25  Drone x2  
  81  9:26  Drone  
  81  9:30  Queen  
  86  9:33  Queen  
  86  9:37  Zerg Flyer Weapons Level 1  
  88  9:40  Overlord  
  88  9:46  Mutalisk x2  
  85  10:07  Mutalisk  
  85  10:08  Mutalisk x3  
  85  10:11  Mutalisk  
  85  10:12  Zergling x10  
  100  10:16  Overseer  
  100  10:19  Overlord  
  100  10:23  Overlord  
  100  10:28  Hatchery  
  99  10:29  Mutalisk x2  
  99  10:32  Zergling x2  
  99  10:33  Zergling x4  
  106  10:47  Zerg Missile Weapons Level 1  
  99  11:02  Drone  
  99  11:03  Drone x2  
  100  11:04  Drone x3  
  103  11:12  Drone x3, Spine Crawler  
  103  11:13  Spore Crawler  
  103  11:14  Mutalisk x3  
  110  11:28  Mutalisk x2  
  110  11:30  Zergling x6  
  110  11:32  Extractor  
  116  11:34  Extractor  
  115  11:44  Hatchery, Zerg Ground Armor Level 2  
  98  12:17  Mutalisk x4  
  98  12:19  Zergling x2  
  98  12:20  Zergling x22  
  117  12:23  Drone x4  
  121  12:34  Mutalisk x2  
  125  12:37  Drone x2  
  125  12:38  Drone  
  125  12:43  Drone  
  125  12:44  Drone  
  130  12:48  Drone x2  
  132  12:57  Mutalisk x2  
  144  13:51  Drone x3  
  151  14:01  Infestation Pit  
Show
View Real Time Build Order
Export as new Build Order

Cruel Protoss 

Build Orders: Zealot Archon 

Get SALT Encoding   

  12  0:01  Probe (Chrono Boost)  
  13  0:12  Probe (Chrono Boost)  
  14  0:20  Pylon  
  14  0:23  Probe (Chrono Boost)  
  15  0:38  Probe (Chrono Boost)  
  15  0:39  Gateway  
  16  0:49  Probe (Chrono Boost)  
  17  0:51  Assimilator  
  17  0:59  Probe (Chrono Boost)  
  18  1:10  Probe (Chrono Boost)  
  19  1:20  Probe (Chrono Boost)  
  19  1:21  Pylon  
  20  1:31  Cybernetics Core, Probe (Chrono Boost)  
  21  1:41  Probe (Chrono Boost)  
  22  1:53  Nexus  
  22  2:00  Pylon  
  22  2:07  Assimilator  
  22  2:14  Warp Gate (Chrono Boost)  
  22  2:17  Mothership Core  
  24  2:25  Adept  
  26  2:47  Gateway  
  26  2:49  Gateway  
  26  2:52  Gateway  
  26  2:57  Pylon  
  26  3:01  Sentry (Chrono Boost)  
  28  3:09  Pylon  
  28  3:19  Probe  
  29  3:23  Probe  
  30  3:31  Probe  
  30  3:34  Probe  
  31  3:39  Pylon  
  32  3:44  Probe x2  
  34  3:53  Forge  
  33  3:55  Probe  
  33  3:56  Probe  
  35  4:07  Probe (Chrono Boost)  
  35  4:08  Probe (Chrono Boost)  
  37  4:14  Twilight Council  
  37  4:16  Sentry  
  39  4:17  Sentry  
  39  4:19  Probe (Chrono Boost)  
  39  4:22  Adept  
  44  4:30  Adept  
  46  4:32  Protoss Ground Weapons Level 1  
  46  4:35  Probe x2 (Chrono Boost)  
  48  4:43  Adept  
  50  4:46  Probe (Chrono Boost)  
  51  4:54  Adept  
  51  4:55  Zealot x2  
  57  5:04  Dark Shrine  
  57  5:11  Probe x2 (Chrono Boost), Robotics Facility  
  59  5:21  Assimilator  
  59  5:22  Probe x2 (Chrono Boost)  
  59  5:23  Assimilator  
  61  5:34  Pylon  
  61  5:36  Pylon  
  57  6:02  Warp Prism (Chrono Boost)  
  51  6:16  Dark Templar, Pylon  
  51  6:17  Dark Templar  
  51  6:18  Dark Templar, Pylon  
  57  6:19  Zealot  
  57  6:20  Pylon  
  57  6:24  Probe  
  59  6:26  Probe  
  61  6:34  Pylon  
  61  6:35  Probe  
  61  6:38  Probe  
  61  6:50  Probe  
  61  6:52  Protoss Ground Weapons Level 2  
  62  7:02  Nexus  
  62  7:04  Pylon  
  62  7:05  Dark Templar x3, Pylon  
  62  7:06  Zealot  
  68  7:32  Blink (Chrono Boost)  
  68  7:37  Photon Cannon  
  68  7:39  Photon Cannon  
  68  7:41  Photon Cannon  
  68  7:43  Archon  
  60  7:52  Stalker x3  
  60  7:53  Stalker  
  68  8:02  Photon Cannon  
  66  8:07  Photon Cannon  
  66  8:10  Warp Prism  
  68  8:19  Zealot x4  
  60  8:43  Stalker x2  
  60  8:44  Stalker x2  
  68  9:13  Stalker x2  
  68  9:14  Stalker x2  
  76  9:23  Nexus  
  74  9:34  Pylon  
  74  9:35  Pylon  
  74  9:37  Pylon  
  74  9:38  Stalker  
  74  9:39  Stalker x2, Pylon  
  74  9:41  Stalker  
  67  10:10  Stalker x4  
  75  10:15  Nexus  
  75  10:31  Pylon  
  75  10:32  Pylon  
  75  10:35  Pylon  
  75  10:36  Pylon  
  75  10:40  Dark Templar x2  
  75  10:42  Dark Templar x2  
  79  11:11  Dark Templar x2, Nexus  
  81  11:13  Dark Templar  
  81  11:14  Dark Templar, Pylon  
  81  11:15  Pylon  
  81  11:17  Archon x2  
  87  11:18  Archon  
  87  11:25  Pylon  
  85  11:26  Pylon  
  85  11:41  Dark Templar x2  
  89  11:48  Archon  
  85  12:02  Stalker x2  
  79  12:18  Dark Templar  
  79  12:19  Dark Templar  
  79  12:20  Mothership Core  
  79  12:25  Archon  
  81  12:31  Dark Templar x2  
  81  12:34  Warp Prism (Chrono Boost)  
  87  12:47  Adept  
  87  12:49  Adept  
  67  13:23  Dark Templar x3  
  67  13:24  Dark Templar  
  64  14:04  Stalker x2  
  64  14:05  Stalker  
Tags
 
Add a new tag
Caveats
  • Supply blocks, unpowered buildings, or Contaminate may cause inaccurate times.
  • Supply counts are checked every 10 seconds.